 Dungeon Crawl Stone Soup version 0.30-a0-879-ga8ba668304 (webtiles) character file.

Game seed: 3428160483928004997

73 cforsyth the Trooper (level 4, -3/38 HPs)
             Began as a Barachi Fighter on Mar 13, 2023.
             Slain by Crazy Yiuf
             ... wielding a +2 quarterstaff of chaos
              (7 damage)
             ... on level 2 of the Dungeon.
             The game lasted 00:01:20 (1055 turns).

cforsyth the Trooper (Barachi Fighter)              Turns: 1055, Time: 00:01:21

Health: -3/38      AC:  7    Str: 19    XL:     4   Next: 27%
Magic:  4/4        EV:  9    Int:  9    God:
Gold:   12         SH:  4    Dex: 11    Spells: 3/3 levels left

rFire   . . .      SeeInvis .    a - +0 war axe
rCold   . . .      Faith    .    c - +0 buckler
rNeg    . . .      Spirit   .    b - +0 scale mail
rPois   .          Reflect  .    (no helmet)
rElec   .          Rampage  .    (no cloak)
rCorr   .                        (no gloves)
Will    .....                    (no boots) Stlth
                                 (no amulet)
HPRegen 0.26/turn                (no ring)
MPRegen 0.09/turn                (no ring)

@: slow
A: amphibious, slowness 1, strong legs 1, +LOS
a: Hop


You were on level 2 of the Dungeon.
You visited 1 branch of the dungeon, and saw 2 of its levels.

You collected 12 gold pieces.

Inventory:

Hand Weapons
 a - a +0 war axe (weapon)
Armour
 b - a +0 scale mail (worn)
 c - a +0 buckler (worn)
Scrolls
 e - 3 scrolls of amnesia {unknown}
 h - a scroll of vulnerability {unknown}
 i - 2 scrolls of blinking {unknown}
Potions
 d - a potion of might
 f - a potion of mutation {unknown}
 g - 3 potions of heal wounds {unknown}


   Skills:
 + Level 4.6 Fighting
 + Level 3.2 Axes
 + Level 4.5 Armour
 - Level 3.2 Shields


You had 3 spell levels left.
You didn't know any spells.
Your spell library was empty.

Dungeon Overview and Level Annotations

Branches:
Dungeon (2/15)

Altars:

Shops:
D:1 !

Annotations:
D:2 Crazy Yiuf


Innate Abilities, Weirdness & Mutations

You are amphibious.
You cover ground slowly.
You can hop short distances.
You have an extended range of vision and can be seen from far away.


Message History

You see here a +0 hammer.
Okay, then.
You see here a +0 hammer.
Found three hammers.
You see here a +0 hammer.
Press: ? - help, v - describe, . - travel, g - get item Item here: the +5 demon whip "Spellbinder" {antimagic, disrupt, Will+}.
The floor.
As you open the door, it creaks loudly!
You hit Crazy Yiuf.
Crazy Yiuf is lightly wounded.
Crazy Yiuf hits you with a +2 quarterstaff of chaos!
Crazy Yiuf burns you.
You closely miss Crazy Yiuf.
Crazy Yiuf is lightly wounded.
Crazy Yiuf yells, "Gnoll verde childish!"
You block Crazy Yiuf's attack.
You barely miss Crazy Yiuf.
Crazy Yiuf is lightly wounded.
Crazy Yiuf hits you with a +2 quarterstaff of chaos!
Crazy Yiuf says, "Crazy?
Crazy!?
PORCUPINE!"
Crazy Yiuf hits you with a +2 quarterstaff of chaos!
* * * LOW HITPOINT WARNING * * *
You hit Crazy Yiuf but do no damage.
Crazy Yiuf is lightly wounded.
Crazy Yiuf says, "Race infinity illywillydillykilly!"
Crazy Yiuf barely misses you.
Press: ? - help, v - describe, . - travel
Here: Crazy Yiuf, wielding a +2 quarterstaff of chaos and wearing a +0 cloak (lightly wounded)
An open translucent door.
Unknown command.
You hit Crazy Yiuf.
Crazy Yiuf is moderately wounded.
Crazy Yiuf hits you with a +2 quarterstaff of chaos.
* * * LOW HITPOINT WARNING * * *
Crazy Yiuf burns you.
* * * LOW HITPOINT WARNING * * *
Crazy Yiuf cries, "Defame!"
Crazy Yiuf hits you with a +2 quarterstaff of chaos!
You die...

###♣♣♣♣♣
##...)♣)♣♣♣ ###
##...P.)♣))♣#)))#
#......♣♣♣♣@g)).#
#....P♣♣ ♣♣#)))#
####..##♣♣ ###
#.....# ##....#
#.#..# ####....#
#.......#
........#


You could see Crazy Yiuf.

Vanquished Creatures
  Robin (D:2)
  2 adders (D:2)
  A gnoll (D:1)
  A dart slug (D:2)
  4 ball pythons
  A bat (D:1)
  An endoplasm (D:1)
  A giant cockroach (D:1)
  12 goblins
  3 hobgoblins
  3 frilled lizards (D:1)
  2 kobolds (D:1)
  A rat (D:2)
33 creatures vanquished.

Notes
Turn   | Place    | Note
-------+----------+-------------------------------------------
     0 | D:1      | cforsyth the Barachi Fighter began the quest for the Orb.
     0 | D:1      | Reached XP level 1. HP: 18/18 MP: 1/1
   235 | D:1      | Found Ypryu's Distillery.
   245 | D:1      | Reached XP level 2. HP: 22/25 MP: 2/2
   605 | D:1      | Reached XP level 3. HP: 29/30 MP: 3/3
   963 | D:2      | Reached XP level 4. HP: 38/38 MP: 4/4
  1016 | D:2      | Noticed Robin
  1022 | D:2      | Killed Robin
  1046 | D:2      | Found a runed translucent door.
  1046 | D:2      | Found the +5 demon whip "Spellbinder" {antimagic, disrupt,
                  | Will+}
  1047 | D:2      | Noticed Crazy Yiuf
  1055 | D:2      | Slain by Crazy Yiuf

Illustrated notes

Levels and vault maps discovered:
D:1:      dpeg_arrival_castle, layout_loops_corners, serial_shops,
          nicolae_shop_crystal
D:2:      layout_rooms, uniq_terence, uniq_crazy_yiuf_cottage, uniq_robin

Skill      XL: |  1  2  3 |
---------------+----------+-----
Fighting       | 4 |  4.6
Armour         | 4 |  4.5
Axes           | 3 |  3.2
Shields        | |  3.2

Action                     |  1- 3 |  4- 6 || total
---------------------------+-------+-------++-------
  Melee: War axe           |    72 |    16 ||    88
 Armour: Scale mail        |    37 |     8 ||    45
  Dodge: Dodged            |    33 |     3 ||    36
  Block: Buckler           |    22 |     3 ||    25

Table legend: (Time is in decaauts)
 A = Elapsed time spent in this place.
 B = Non-inter-level travel time spent in this place.
 C = Inter-level travel time spent in this place.
 D = Time resting spent in this place.
 E = Time spent auto-exploring this place.
 F = Levels seen in this place.
 G = Mean time per level.
                   A        B        C        D        E       F      G
               +--------+--------+--------+--------+--------+-----+--------+
         Total |   1253 |   1205 |     48 |      0 |    989 |   2 |  626.5 |
       Dungeon |   1253 |   1205 |     48 |      0 |    989 |   2 |  626.5 |
               +--------+--------+--------+--------+--------+-----+--------+

Top non-repeatable levels by time:
     D:1: 977 daAuts
     D:2: 276 daAuts
